 Dungeon Sprint DCSS version 0.30.1 (webtiles) character file.

Game seed: 4666276352242748244

13500000 BreadTh the Axe Maniac (level 27, -179/273 HPs)
             Began as a Ghoul Fighter on July 11, 2023.
             Was the Champion of Makhleb.
             Annihilated by a fleshlord
             ... wielding a +9 great mace
              (366 damage)
             ... in the Dungeon (Sprint VIII: "Arena of Blood").
             The game lasted 00:11:39 (135 turns).

BreadTh the Axe Maniac (Ghoul Fighter)               Turns: 135, Time: 00:11:39

Health: -179/273   AC: 13    Str: 24    XL:     27
Magic:  43/53      EV: 27    Int:  3    God:    Makhleb [******]
Gold:   0          SH:  0    Dex: 18    Spells: 80/80 levels left

rFire   + . .        j - +∞ Axe of Woe
rCold   + . .        (shield currently unavailable)
rNeg    + + +        b - +0 scale mail
rPois   ∞            (no helmet)
rElec   .            (no cloak)
rCorr   .            (no gloves)
SInv    .            (no boots)
Will    ++...        (no amulet)
Stlth   ++++++++     k - ring of protection from fire
HPRegen 0.00/turn    (no ring)
MPRegen 0.33/turn

%: no teleportation
@: inhibited regen, slowed, very slow
A: claws 1, cold resistance 1, negative energy resistance 3, inhibited
regeneration, torment resistance 2, devour on kill
a: Renounce Religion, Minor Destruction, Lesser Servant of Makhleb, Major
Destruction, Greater Servant of Makhleb


You were in the Dungeon.
You worshipped Makhleb.
Makhleb was exalted by your worship.
You visited 1 branch

Inventory:

Hand Weapons
 a - a +0 trident
 j - the +∞ Axe of Woe (weapon)
   (You found it in the Dungeon)
Armour
 b - a +0 scale mail (worn)
 c - a +0 buckler
Jewellery
 k - a ring of protection from fire (left claw)
Scrolls
 i - a scroll of blinking
Potions
 d - a potion of might
 e - a potion of curing
 g - a potion of haste
 h - 2 potions of magic


   Skills:
 O Level 27 Fighting
 O Level 27 Short Blades
 O Level 27 Long Blades
 O Level 27 Axes
 O Level 27 Maces & Flails
 O Level 27 Polearms
 O Level 27 Staves
 O Level 27 Ranged Weapons
 O Level 27 Throwing
 O Level 27 Armour
 O Level 27 Dodging
 O Level 27 Stealth
 O Level 27 Shields
 O Level 27 Unarmed Combat
 O Level 27 Spellcasting
 O Level 27 Conjurations
 O Level 27 Hexes
 O Level 27 Summonings
 O Level 27 Necromancy
 O Level 27 Translocations
 O Level 27 Transmutations
 O Level 27 Fire Magic
 O Level 27 Ice Magic
 O Level 27 Air Magic
 O Level 27 Earth Magic
 O Level 27 Poison Magic
 O Level 27 Invocations
 O Level 27 Evocations


You had 80 spell levels left.
You didn't know any spells.
Your spell library was empty.

Dungeon Overview and Level Annotations

Branches:
Dungeon (1/1)

Altars:
Makhleb

Annotations:
D The Servant


Innate Abilities, Weirdness & Mutations

You are immune to poison.
You have sharp fingernails.
Your flesh is cold resistant. (rC+)
You are immune to negative energy. (rN+++)
You do not regenerate when monsters are visible.
You are immune to unholy pain and torment.
You thrive by killing the living.


Message History

The air twists around and strikes you!!!
The tyrant touches you.
The tyrant casts a spell.
The tyrant seems to speed up.
The Servant completely misses you.
The fleshlord points at you and mumbles some strange words.
You feel as though you will be slow longer.
You hear a shout!
Unknown command.
You open the tyrant like a pillowcase!!!
You dissect the tyrant like a pig carcass.
You destroy the tyrant!
Makhleb accepts your kill.
You feel better.
The large abomination disappears in a puff of smoke! x2
The tentacled monstrosity disappears in a puff of smoke! x2
The large abomination disappears in a puff of smoke!
You slice the tyrant!!
You cleave the tyrant in twain.
You destroy the tyrant!
Makhleb accepts your kill.
The large abomination disappears in a puff of smoke! x3
You hear a shout! x2
The meat beast bites you but does no damage.
The meat beast completely misses you.
You hear a shout!
The accursed points at you and mumbles some strange words.
Something smites you!
The Servant hits you from afar with a +9 glaive of flaming!!!
The Servant burns you!
Unknown command.
You slice the meat beast!!
You dissect the meat beast like a pig carcass.
You kill the meat beast!
Makhleb accepts your kill.
You feel better.
You hear a shout! x4
The tyrant gestures wildly while chanting.
You hear a shout! x3
The fleshlord hits you with a +9 great mace!!!!!!
Ouch! That really hurt!
You die...

..####.X.. .....#
......XX........#
....X.XXX#......# ....
..§...XX.X......# .....
...Mo.L.X#......#
...#......W§@XXLX.....# .
....# .......XXX##.....# .
....###.....pM@p))§....#
.###.........ppS.###....)#
.._).............W...).†.#
.....#.......#.#......))†#
_.<._#.....))))))....S.).#
.....#))...)#)#)#.)..†°..#
.._....)..))))))).)...°..#
.###.)))...))#)#.#..#....#
......###..))).....#..°..#


You could see 2 accurseds, 2 tentacled monstrosities, 2 tyrants, The Servant, a
scourge, 4 fleshlords, 15 large abominations and 2 dreads.

Vanquished Creatures
  A hell knight (D)
  9 hell beasts (D)
  8 royal mummies (D)
  5 great orbs of eyes (D)
  11 wraiths (D)
  8 vampire knights (D)
  36 ogres (D)
  9 two-headed ogres (D)
  11 liches (D)
  5 hydras (D)
  6 phantoms (D)
  84 orcs (D)
  8 skeletal warriors (D)
  8 sea snakes (D)
209 creatures vanquished.

Notes
Turn   | Place    | Note
-------+----------+-------------------------------------------
     0 | D        | Found the +∞ Axe of Woe
     0 | D        | BreadTh the Ghoul Fighter began the quest for the Orb.
     0 | D        | Reached XP level 1. HP: 19/19 MP: 0/0
     1 | D        | Noticed a bag of meat
     8 | D        | Killed a bag of meat
     8 | D        | Noticed a bag of meat
     9 | D        | Reached XP level 2. HP: 26/26 MP: 1/1
     9 | D        | Reached XP level 3. HP: 31/31 MP: 2/2
     9 | D        | Reached XP level 4. HP: 38/38 MP: 3/3
     9 | D        | Reached XP level 5. HP: 45/45 MP: 4/4
     9 | D        | Reached XP level 6. HP: 51/51 MP: 5/5
     9 | D        | Reached XP level 7. HP: 57/57 MP: 6/6
     9 | D        | Reached XP level 8. HP: 63/63 MP: 7/7
     9 | D        | Reached XP level 9. HP: 70/70 MP: 8/8
     9 | D        | Reached XP level 10. HP: 77/77 MP: 9/9
     9 | D        | Reached XP level 11. HP: 82/82 MP: 10/10
     9 | D        | Noticed a bag of meat
    10 | D        | Became a worshipper of Makhleb the Destroyer
    10 | D        | Noticed a bag of meat
    11 | D        | Noticed a bag of meat
    12 | D        | Noticed a bag of meat
    12 | D        | Noticed a meat berserker
    12 | D        | Noticed a meat berserker
    12 | D        | Noticed a meat berserker
    12 | D        | Noticed a bag of meat
    13 | D        | Killed a bag of meat
    14 | D        | Reached skill level 5 in Invocations
    14 | D        | Reached XP level 12. HP: 103/103 MP: 10/15
    14 | D        | Noticed a bag of meat
    15 | D        | Killed a bag of meat
    15 | D        | Reached * piety under Makhleb
    15 | D        | Killed a meat berserker
    15 | D        | Killed a meat berserker
    15 | D        | Killed a bag of meat
    15 | D        | Reached ** piety under Makhleb
    16 | D        | Reached XP level 13. HP: 132/132 MP: 10/21
    16 | D        | Reached XP level 14. HP: 140/140 MP: 10/22
    16 | D        | Noticed a meat berserker
    17 | D        | Noticed a bag of meat
    17 | D        | Noticed a bag of meat
    18 | D        | Killed a meat berserker
    18 | D        | Killed a bag of meat
    18 | D        | Noticed a bag of meat
    19 | D        | Reached skill level 15 in Stealth
    19 | D        | Reached XP level 15. HP: 152/152 MP: 10/24
    20 | D        | Noticed a large bag of meat
    20 | D        | Noticed a meat berserker
    20 | D        | Noticed a large bag of meat
    20 | D        | Noticed a destroyer
    20 | D        | Noticed a meat berserker
    21 | D        | Noticed a destroyer
    21 | D        | Noticed a large bag of meat
    21 | D        | Noticed a meat berserker
    21 | D        | Noticed a meat berserker
    22 | D        | Killed a meat berserker
    22 | D        | Reached *** piety under Makhleb
    23 | D        | Reached skill level 15 in Invocations
    23 | D        | Reached XP level 16. HP: 168/168 MP: 11/26
    23 | D        | Noticed a meat berserker
    23 | D        | Noticed a large bag of meat
    24 | D        | Noticed a meat berserker
    24 | D        | Noticed a meat berserker
    24 | D        | Reached **** piety under Makhleb
    25 | D        | Noticed a destroyer
    25 | D        | Killed a destroyer
    25 | D        | Noticed a meat berserker
    26 | D        | Reached XP level 17. HP: 183/183 MP: 11/29
    26 | D        | Killed a meat berserker
    26 | D        | Reached ***** piety under Makhleb
    27 | D        | Reached skill level 27 in Axes
    27 | D        | Killed a meat berserker
    28 | D        | Reached skill level 27 in Fighting
    28 | D        | Reached XP level 18. HP: 200/200 MP: 12/31
    28 | D        | Noticed a destroyer
    28 | D        | Noticed a meat berserker
    28 | D        | Noticed a meat berserker
    29 | D        | Noticed a meat berserker
    29 | D        | Noticed an eight-headed meat hydra
    29 | D        | Killed a meat berserker
    29 | D        | Killed a meat berserker
    29 | D        | Reached ****** piety under Makhleb
    29 | D        | Noticed a large bag of meat
    30 | D        | Reached XP level 19. HP: 207/207 MP: 12/33
    30 | D        | Killed a meat berserker
    30 | D        | Killed a large bag of meat
    30 | D        | Killed a large bag of meat
    31 | D        | Reached skill level 27 in Armour
    31 | D        | Reached skill level 27 in Dodging
    31 | D        | Reached skill level 27 in Stealth
    31 | D        | Reached skill level 27 in Invocations
    31 | D        | Killed a meat berserker
    32 | D        | Reached skill level 5 in Short Blades
    32 | D        | Reached skill level 5 in Long Blades
    32 | D        | Reached skill level 5 in Maces & Flails
    32 | D        | Reached skill level 5 in Polearms
    32 | D        | Reached skill level 5 in Staves
    32 | D        | Reached skill level 5 in Ranged Weapons
    32 | D        | Reached skill level 5 in Throwing
    32 | D        | Reached skill level 5 in Summonings
    32 | D        | Reached skill level 5 in Translocations
    32 | D        | Reached skill level 5 in Transmutations
    32 | D        | Reached skill level 5 in Evocations
    32 | D        | Reached XP level 20. HP: 207/216 MP: 12/36
    33 | D        | Reached skill level 5 in Spellcasting
    33 | D        | Reached skill level 5 in Conjurations
    33 | D        | Reached skill level 5 in Hexes
    33 | D        | Reached skill level 5 in Fire Magic
    33 | D        | Reached skill level 5 in Air Magic
    33 | D        | Noticed a destroyer
    33 | D        | Killed a large bag of meat
    33 | D        | Killed a meat berserker
    34 | D        | Killed a meat berserker
    34 | D        | Noticed a large bag of meat
    35 | D        | Reached skill level 10 in Unarmed Combat
    35 | D        | Reached skill level 10 in Ice Magic
    35 | D        | Reached skill level 10 in Earth Magic
    35 | D        | Reached XP level 21. HP: 210/224 MP: 13/37
    35 | D        | Killed a destroyer
    35 | D        | Killed a meat berserker
    36 | D        | Reached skill level 10 in Short Blades
    36 | D        | Reached skill level 10 in Long Blades
    36 | D        | Reached skill level 10 in Maces & Flails
    36 | D        | Reached skill level 10 in Polearms
    36 | D        | Reached skill level 10 in Staves
    36 | D        | Reached skill level 10 in Ranged Weapons
    36 | D        | Reached skill level 10 in Throwing
    36 | D        | Reached skill level 10 in Shields
    36 | D        | Reached skill level 10 in Summonings
    36 | D        | Reached skill level 10 in Translocations
    36 | D        | Reached skill level 10 in Transmutations
    36 | D        | Reached skill level 10 in Evocations
    36 | D        | Killed a meat berserker
    36 | D        | Killed a meat berserker
    36 | D        | Noticed a meat berserker
    36 | D        | Noticed a large bag of meat
    36 | D        | Noticed a meat berserker
    37 | D        | Reached skill level 10 in Spellcasting
    37 | D        | Reached skill level 10 in Conjurations
    37 | D        | Reached skill level 10 in Hexes
    37 | D        | Reached skill level 10 in Fire Magic
    37 | D        | Reached skill level 10 in Air Magic
    37 | D        | Reached XP level 22. HP: 226/233 MP: 13/38
    37 | D        | Noticed a large bag of meat
    38 | D        | Killed a large bag of meat
    38 | D        | Killed a destroyer
    39 | D        | Reached skill level 15 in Unarmed Combat
    39 | D        | Reached skill level 15 in Ice Magic
    39 | D        | Reached skill level 15 in Earth Magic
    39 | D        | Reached XP level 23. HP: 183/240 MP: 14/39
    40 | D        | Reached skill level 15 in Poison Magic
    42 | D        | Noticed a destroyer
    43 | D        | Reached skill level 15 in Necromancy
    43 | D        | Killed a large bag of meat
    44 | D        | Reached skill level 15 in Short Blades
    44 | D        | Reached skill level 15 in Polearms
    44 | D        | Reached skill level 15 in Throwing
    44 | D        | Reached skill level 15 in Shields
    44 | D        | Reached skill level 15 in Translocations
    44 | D        | Reached XP level 24. HP: 210/249 MP: 15/39
    44 | D        | Noticed a tyrant
    44 | D        | Killed a destroyer
    44 | D        | Killed a destroyer
    45 | D        | Reached skill level 15 in Long Blades
    45 | D        | Reached skill level 15 in Summonings
    45 | D        | Reached skill level 15 in Transmutations
    45 | D        | Reached skill level 15 in Evocations
    45 | D        | Noticed a large bag of meat
    47 | D        | Reached skill level 15 in Spellcasting
    47 | D        | Reached skill level 15 in Conjurations
    47 | D        | Reached skill level 15 in Hexes
    47 | D        | Reached skill level 15 in Fire Magic
    47 | D        | Reached skill level 15 in Air Magic
    47 | D        | Reached XP level 25. HP: 243/257 MP: 15/41
    47 | D        | Killed a large bag of meat
    47 | D        | Killed a destroyer
    50 | D        | Noticed a tyrant
    50 | D        | Killed a large bag of meat
    51 | D        | Reached XP level 26. HP: 237/266 MP: 16/42
    51 | D        | Killed a large bag of meat
    52 | D        | Noticed a tyrant
    52 | D        | Noticed an accursed
    54 | D        | Killed a tyrant
    54 | D        | Killed a tyrant
    56 | D        | Noticed an accursed
    56 | D        | Killed a large bag of meat
    56 | D        | Noticed a destroyer
    57 | D        | Reached XP level 27. HP: 223/273 MP: 18/44
    57 | D        | Noticed a tyrant
    59 | D        | Killed an accursed
    60 | D        | Noticed a dread
    60 | D        | Noticed an accursed
    61 | D        | Killed a destroyer
    62 | D        | Killed an accursed
    62 | D        | Killed a tyrant
    62 | D        | Noticed a meat beast
    62 | D        | Noticed an accursed
    63 | D        | Killed a tyrant
    63 | D        | Killed a dread
    65 | D        | Noticed a meat beast
    65 | D        | Killed a meat beast
    66 | D        | Reached skill level 27 in Unarmed Combat
    66 | D        | Reached skill level 27 in Ice Magic
    66 | D        | Reached skill level 27 in Earth Magic
    67 | D        | Noticed a dread
    68 | D        | Killed a meat beast
    69 | D        | Reached skill level 27 in Necromancy
    69 | D        | Reached skill level 27 in Poison Magic
    69 | D        | Noticed a dread
    69 | D        | Killed a dread
    71 | D        | Noticed a dread
    71 | D        | Killed an accursed
    71 | D        | Lost intelligence.
    72 | D        | Noticed a dread
    72 | D        | Noticed a dread
    72 | D        | Noticed a meat beast
    74 | D        | Killed an accursed
    75 | D        | Reached skill level 27 in Shields
    75 | D        | Killed a dread
    75 | D        | Killed a meat beast
    76 | D        | Reached skill level 27 in Short Blades
    76 | D        | Reached skill level 27 in Long Blades
    76 | D        | Reached skill level 27 in Maces & Flails
    76 | D        | Reached skill level 27 in Polearms
    76 | D        | Reached skill level 27 in Staves
    76 | D        | Reached skill level 27 in Ranged Weapons
    76 | D        | Reached skill level 27 in Throwing
    76 | D        | Reached skill level 27 in Spellcasting
    76 | D        | Reached skill level 27 in Conjurations
    76 | D        | Reached skill level 27 in Hexes
    76 | D        | Reached skill level 27 in Summonings
    76 | D        | Reached skill level 27 in Translocations
    76 | D        | Reached skill level 27 in Transmutations
    76 | D        | Reached skill level 27 in Fire Magic
    76 | D        | Reached skill level 27 in Air Magic
    76 | D        | Reached skill level 27 in Evocations
    76 | D        | Killed a dread
    76 | D        | Killed a dread
    77 | D        | Killed a dread
    83 | D        | Noticed a meat beast
    85 | D        | Noticed a meat beast
    87 | D        | Killed a meat beast
    88 | D        | Noticed a tyrant
    89 | D        | Killed a meat beast
    91 | D        | Noticed an accursed
    93 | D        | Noticed a meat beast
    95 | D        | Noticed a meat beast
    95 | D        | Noticed a tyrant
    95 | D        | Noticed a meat beast
    96 | D        | Noticed a tyrant
    96 | D        | Noticed an accursed
    96 | D        | Noticed an accursed
    97 | D        | Killed a meat beast
    99 | D        | Killed a tyrant
    99 | D        | Killed a meat beast
   100 | D        | Killed a meat beast
   103 | D        | Killed an accursed
   104 | D        | Killed an accursed
   104 | D        | Killed a tyrant
   105 | D        | Noticed a dread
   105 | D        | Killed a tyrant
   108 | D        | Killed an accursed
   110 | D        | Noticed a dread
   111 | D        | Killed a dread
   112 | D        | Noticed a dread
   114 | D        | Noticed a tyrant
   115 | D        | Killed a dread
   116 | D        | Noticed a destroyer
   116 | D        | Noticed a tyrant
   116 | D        | Noticed a dread
   116 | D        | Noticed an accursed
   116 | D        | Noticed a tyrant
   117 | D        | Noticed a tyrant
   117 | D        | Noticed an accursed
   119 | D        | Noticed a tyrant
   120 | D        | Noticed a dread
   122 | D        | Noticed a fleshlord
   122 | D        | Noticed a dread
   122 | D        | Noticed an accursed
   122 | D        | Noticed a fleshlord
   123 | D        | Noticed The Servant
   125 | D        | Killed a tyrant
   126 | D        | Killed a dread
   126 | D        | Noticed a tyrant
   127 | D        | Noticed a dread
   127 | D        | Killed a tyrant
   127 | D        | Killed a destroyer
   127 | D        | Noticed a fleshlord
   129 | D        | Killed a dread
   129 | D        | Killed a fleshlord
   129 | D        | Noticed a fleshlord
   131 | D        | Noticed a meat beast
   131 | D        | Noticed a fleshlord
   132 | D        | Killed an accursed
   132 | D        | Killed a dread
   134 | D        | Killed a tyrant
   134 | D        | Killed a tyrant
   135 | D        | Killed a meat beast
   135 | D        | Annihilated by a fleshlord

Illustrated notes

Levels and vault maps discovered:
D:        meatsprint

Skill      XL: |  1  2  3  4  5  6  7  8  9 10 11 12 13 14 15 16 17 18 19 20 21 22 23 24 25 26 27 |
---------------+----------------------------------------------------------------------------------+-----
Axes           | 22 23 24 25 26 27 | 27.0
Fighting       | 8 17 19 21 24 27 | 27.0
Armour         | 7 14 16 18 21 24 26 27 | 27.0
Dodging        | 6 14 16 18 21 23 26 27 | 27.0
Stealth        | 6 13 15 17 19 22 24 27 | 27.0
Invocations    | 5 12 13 15 18 20 22 27 | 27.0
Short Blades   | 5 8 11 13 15 16 18 19 27 | 27.0
Long Blades    | 5 8 11 13 14 16 18 19 27 | 27.0
Maces & Flails | 5 8 11 13 14 16 18 19 27 | 27.0
Polearms       | 5 9 11 13 15 16 18 19 27 | 27.0
Staves         | 5 8 11 13 14 16 18 19 27 | 27.0
Ranged Weapons | 5 9 11 13 14 16 18 19 27 | 27.0
Throwing       | 5 8 11 13 15 16 18 19 27 | 27.0
Shields        | 6 9 11 13 15 16 18 20 27 | 27.0
Unarmed Combat | 6 10 13 15 17 19 21 23 27 | 27.0
Spellcasting   | 4 8 10 12 13 15 16 18 27 | 27.0
Conjurations   | 4 8 10 12 13 15 16 18 27 | 27.0
Hexes          | 4 8 10 12 13 15 16 18 27 | 27.0
Summonings     | 5 8 11 13 14 16 18 19 27 | 27.0
Necromancy     | 6 9 12 14 16 18 19 21 27 | 27.0
Translocations | 5 8 11 13 15 16 18 19 27 | 27.0
Transmutations | 5 8 11 13 14 16 18 19 27 | 27.0
Fire Magic     | 4 8 10 12 13 15 17 18 27 | 27.0
Ice Magic      | 6 10 13 15 17 19 21 23 27 | 27.0
Air Magic      | 4 8 10 12 13 15 17 18 27 | 27.0
Earth Magic    | 6 10 13 15 17 19 21 23 27 | 27.0
Poison Magic   | 6 9 12 14 16 18 19 21 27 | 27.0
Evocations     | 5 8 11 13 14 16 18 19 27 | 27.0

Action                     |  1- 3 |  4- 6 |  7- 9 | 10-12 | 13-15 | 16-18 | 19-21 | 22-24 | 25-27 || total
---------------------------+-------+-------+-------+-------+-------+-------+-------+-------+-------++-------
  Melee: Executioner's axe |     1 |       |       |     2 |     2 |     5 |     7 |     7 |    60 ||    84
    Use: Potion            |       |       |       |       |       |       |       |       |     1 ||     1
 Armour: Scale mail        |       |       |       |       |       |       |       |       |    17 ||    17
  Dodge: Dodged            |       |       |       |     1 |       |     1 |       |       |    24 ||    26
